 Dungeon Crawl Stone Soup version 0.16.2-12-gd0ad4c3 (webtiles) character file.

450 Charly the Cleaver (level 6, -1/52 HPs)
             Began as a Minotaur Gladiator on July 31, 2016.
             Was an Initiate of Makhleb.
             Slain by a worker ant (2 damage)
             ... on level 5 of the Dungeon.
             The game lasted 00:13:00 (722 turns).

Charly the Cleaver (Minotaur Gladiator)              Turns: 722, Time: 00:13:00

Health: -1/52      AC:  8    Str: 19      XL:     6   Next: 74%
Magic:  3/3        EV: 14    Int:  3 (5)  God:    Makhleb [......]
Gold:   48         SH:  0    Dex: 18      Spells: 0 memorised, 5 levels left

rFire  . . .     SeeInvis .     a - +0 war axe
rCold  . . .     Clarity  .     b - +0 chain mail
rNeg   . . .     SustAb   .     (no shield)
rPois  .         Gourm    .     c - +0 hat
rElec  .         Spirit   .     (no cloak)
rCorr  .         Warding  .     (no gloves)
rMut   .         Stasis   .     (no boots)
MR     .....                    (no amulet)
Stlth  ..........               (no ring)
                                p - ring of wizardry

@: agile, lethally poisoned (-1 -> -11), not resistant to hostile enchantments,
extremely unstealthy
A: retaliatory headbutt, horns 2
a: Renounce Religion


You were on level 5 of the Dungeon.
You worshipped Makhleb.
Makhleb was noncommittal.
You were not hungry.

You visited 2 branches of the dungeon, and saw 7 of its levels.

You collected 48 gold pieces.

Inventory:

Hand weapons
 a - a +0 war axe (weapon)
Armour
 b - a +0 chain mail (worn)
 c - a +0 hat (worn)
 l - a +0 ring mail
Jewellery
 p - a ring of wizardry (left hand)
Scrolls
 d - a scroll of magic mapping {unknown}
 g - a scroll of enchant weapon {unknown}
 i - 3 scrolls of identify {unknown}
 m - a scroll of blinking {unknown}
 n - 2 scrolls of remove curse {unknown}
Comestibles
 f - 2 bread rations


   Skills:
 + Level 4.3 Fighting
 + Level 8.5 Axes
 - Level 2.0 Throwing
 - Level 3.2 Dodging


You had 5 spell levels left.
You didn't know any spells.

Dungeon Overview and Level Annotations

Branches:
Dungeon (6/15)             Temple (1/1) D:5

Altars:
Ashenzari
Cheibriados
Dithmenos
Elyvilon
Fedhas
Gozag
Kikubaaqudgha
Makhleb
Qazlal
Ru
Xom
Zin
The Shining One


Innate Abilities, Weirdness & Mutations

You reflexively headbutt those who attack you in melee.
You have a pair of horns on your head.


Message History

It was a potion of cancellation.
Your magical effects are unravelling.
You feel magically purged.
* * * LOW HITPOINT WARNING * * *
You feel sick.
The worker ant bites you but does no damage.
Drink which item? (? for menu, Esc to quit)
It was a potion of agility.
You feel agile all of a sudden.
You feel less woody.
Your +0 hat unmelds from your body.
Your +0 chain mail unmelds from your body.
* * * LOW HITPOINT WARNING * * *
You feel sick.
The worker ant bites you but does no damage.
You hit the worker ant.
You headbutt the worker ant, but do no damage.
The worker ant is severely wounded.
* * * LOW HITPOINT WARNING * * *
You feel sick. The worker ant bites you.
You die...

.....##.........# .
.....##.........##### .b.
.....)................ ....
....###..............# ...#
....# #..............# ...
....# #..............# #.
##### ####...§§......# #. #
##.§§§....$.# ##
#..§..@...(# .########
..........a................
....##....(....###.########
..... #.........# # ###
#####.....# # #.......
.##### # #.....# #....# #
#..... #....# ... ####....#


You could see a worker ant.

Vanquished Creatures
  An ice beast (D:5)
  A phantom (D:5)
  A crimson imp (D:5)
  2 orc priests (D:5)
  A jelly (D:5)
  A hound (D:5)
  An orc wizard (D:5)
  5 adders
  A giant mite (D:5)
  A worm (D:2)
  2 giant geckos (D:5)
  An ooze (D:2)
  3 orcs
  A ball python (D:5)
  3 bats
  2 giant cockroaches
  4 goblins
  3 hobgoblins
  3 kobolds
  A giant newt (D:3)
  3 jackals (D:3)
  6 rats
47 creatures vanquished.

Notes
Turn   | Place    | Note
--------------------------------------------------------------
     0 | D:1      | Charly, the Minotaur Gladiator, began the quest for the Orb.
     0 | D:1      | Reached XP level 1. HP: 18/18 MP: 1/1
    37 | D:1      | Reached skill level 4 in Axes
    64 | D:2      | Reached XP level 2. HP: 9/25 MP: 1/1
   106 | D:2      | Reached skill level 5 in Axes
   141 | D:2      | Reached XP level 3. HP: 18/30 MP: 2/2
   210 | D:2      | HP: 1/30 [poisoned by an adder]
   300 | D:4      | Found a shimmering altar of Xom.
   322 | D:4      | Reached skill level 6 in Axes
   322 | D:4      | Reached XP level 4. HP: 8/37 MP: 2/2
   333 | D:5      | Entered Level 5 of the Dungeon
   533 | D:5      | Noticed a phantom
   547 | D:5      | Killed a phantom
   547 | D:5      | Reached skill level 7 in Axes
   547 | D:5      | Reached XP level 5. HP: 6/42 MP: 2/2
   568 | D:6      | Noticed an ice beast
   592 | D:5      | Reached XP level 6. HP: 4/51 MP: 3/3
   598 | D:5      | Noticed an ice beast
   605 | D:5      | Killed an ice beast
   605 | D:5      | Reached skill level 8 in Axes
   633 | D:5      | Found a staircase to the Ecumenical Temple.
   641 | Temple   | Entered the Ecumenical Temple
   677 | Temple   | Became a worshipper of Makhleb the Destroyer
   720 | D:5      | HP: 3/78 [poisoned by a worker ant]
   722 | D:5      | HP: 1/52 [poisoned by a worker ant]
   722 | D:5      | Slain by a worker ant

Action                   |  1- 3 |  4- 6 || total
-------------------------+-------+-------++-------
Melee: War axe           |    43 |    54 ||    97
Throw: Throwing net      |     9 |     6 ||    15
  Use: Potion            |       |     5 ||     5
 Stab: Held in net/web   |     2 |       ||     2
       Invisible         |       |     4 ||     4
  Eat: Pizza             |       |     1 ||     1
